 Dungeon Crawl Stone Soup version 0.30-a0-639-g3916f1956a (webtiles) character file.

Game seed: 2017043298084261693

1823933 wormed the Minotaur Barricade (level 26, 199/258 (266) HPs)
             Began as a Minotaur Berserker on Jan 15, 2023.
             Was a High Priest of Trog.
             Escaped with the Orb
             ... and 3 runes!
             The game lasted 01:29:08 (58593 turns).

wormed the Minotaur Barricade (Minotaur Berserker) Turns: 58593, Time: 01:29:08

HP:   199/258 (266) AC: 26    Str: 26    XL:     26   Next: 56%
MP:   23/42         EV: 29    Int:  6    God:    Trog [*****.]
Gold: 9285          SH: 26    Dex: 18    Spells: 25/25 levels left

rFire   + . .      SeeInvis +    M - +9 broad axe "Yxenle" {heavy, rPois rCorr}
rCold   . . .      Faith    .    H - +0 tower shield
rNeg    + . .      Spirit   +    w - +4 moon troll leather armour {Spirit, Regen++ MP+5}
rPois   +          Reflect  .    Y - +2 hat of Failure {Fly rElec Will+}
rElec   +          Harm     .    A - +2 cloak {rCorr}
rCorr   +          Rampage  +    a - +1 pair of gloves "Put-Me-On" {rN+ Will+ Regen+}
Will    +++..                    T - +2 pair of boots {rampage} Stlth
                                 m - amulet of regeneration
HPRegen 3.83/turn                x - ring "Xepsa" {rPois rF+ MP+9 Stlth-}
MPRegen 0.28/turn                r - ring "Vanir" {rF+ MP+9 Str+2 Int+2}

@: flying, lightly drained
A: horns 2, retaliatory headbutt, see invisible, dopey 1, low MP 1, sense
surroundings 1, heat vulnerability 1
0: Orb of Zot
}: 3/15 runes: decaying, silver, gossamer
a: Renounce Religion, Berserk, Trog's Hand, Brothers in Arms


You escaped.
You worshipped Trog.
Trog was extremely pleased with you.
You visited 9 branches of the dungeon, and saw 47 of its levels.
You also visited: Trove and Desolation.

You collected 10995 gold pieces.
You spent 1710 gold pieces at shops.

Inventory:

Hand Weapons
 M - the +9 broad axe "Yxenle" (weapon) {heavy, rPois rCorr}
   (Trog gifted it to you on level 2 of the Lair of Beasts)

   rPois:     It protects you from poison.
   rCorr:     It protects you from acid and corrosion.
Missiles
 l - 3 throwing nets (quivered)
 n - 21 poisoned darts
 p - 10 datura-tipped darts
 v - 18 javelins
 C - 6 curare-tipped darts
 G - 16 atropa-tipped darts
Armour
 a - the +1 pair of gloves "Put-Me-On" (worn) {rN+ Will+ Regen+}
   (You acquired it on level 9 of the Dungeon)

   rN:        It protects you from negative energy.
   Regen:     It increases your rate of health regeneration.
   Will:      It increases your willpower.
 w - the +4 moon troll leather armour (worn) {Spirit, Regen++ MP+5}
   (You bought it in a shop on level 2 of the Orcish Mines)

   MP:        It affects your magic capacity (+5).
   Regen:     It increases your rate of health regeneration.
 A - a +2 cloak of preservation (worn)
 H - a +0 tower shield (worn)
 T - a +2 pair of boots of rampaging (worn)
 Y - the +2 hat of Failure (worn) {Fly rElec Will+}
   (You found it on level 3 of the Vaults)

   rElec:     It insulates you from electricity.
   Fly:       It grants you flight.
   Will:      It increases your willpower.
Jewellery
 m - an amulet of regeneration (around neck)
 r - the ring "Vanir" (right hand) {rF+ MP+9 Str+2 Int+2}
   (You acquired it on level 4 of the Dungeon)

   [ring of magical power]

   Str:       It affects your strength (+2).
   Int:       It affects your intelligence (+2).
   rF:        It protects you from fire.
   MP:        It affects your magic capacity (+9).
 x - the ring "Xepsa" (left hand) {rPois rF+ MP+9 Stlth-}
   (You found it in the Desolation of Salt)

   [ring of magical power]

   rF:        It protects you from fire.
   rPois:     It protects you from poison.
   MP:        It affects your magic capacity (+9).
   Stlth:     It makes you less stealthy.
 D - a +5 ring of evasion
 V - a +5 ring of evasion
Wands
 u - a wand of mindburst (16)
 y - a wand of digging (30)
 B - a wand of polymorph (9)
 N - a wand of flame (19)
 O - a wand of charming (14)
Scrolls
 b - 6 scrolls of poison
 d - 15 scrolls of teleportation
 j - 4 scrolls of enchant armour
 o - a scroll of summoning
 s - 5 scrolls of fog
 t - 6 scrolls of vulnerability
 z - 9 scrolls of fear
 J - 2 scrolls of torment
 K - 2 scrolls of blinking
 P - 13 scrolls of enchant weapon
 Q - 7 scrolls of immolation
 R - 4 scrolls of silence
 S - 3 scrolls of magic mapping
 W - 4 scrolls of brand weapon
Potions
 c - 10 potions of might
 e - 5 potions of berserk rage
 f - a potion of magic
 g - 15 potions of lignification
 h - 25 potions of curing
 i - 17 potions of attraction
 k - 3 potions of heal wounds
 q - 5 potions of flight
 F - 11 potions of ambrosia
 I - 5 potions of resistance
 L - 2 potions of haste
 U - 5 potions of cancellation
 Z - 3 potions of invisibility


   Skills:
 O Level 27 Fighting
 - Level 15.9(18.0) Axes
 - Level 14.0(17.0) Polearms
 - Level 10.0 Throwing
 O Level 27 Armour
 + Level 26.1 Dodging
 O Level 27 Shields


You had 25 spell levels left.
You didn't know any spells.
Your spell library was empty.

Dungeon Overview and Level Annotations

Branches:
Dungeon (15/15)            Temple (0/1) D:7            Lair (5/5) D:9
  Swamp (4/4) Lair:3       Spider (4/4) Lair:2        Slime (0/5) Lair:5
    Orc (2/2) D:10            Elf (3/3) Orc:2        Vaults (5/5) D:13
  Crypt (0/3) Vaults:3     Depths (4/4) D:15            Zot (5/5) Depths:4
Desolation (visited)

Altars:
Ashenzari
Dithmenos
Gozag
Kikubaaqudgha
Okawaru
Qazlal
Uskayaw
Vehumet
Wu Jian
Xom
Yredelemnul
Zin
The Shining One
Lugonu

Shops:
D:1 :   Orc:2 (=[(:   Vaults:4 [   Vaults:5 *   Depths:4 ([?

Portals:
Hell: Depths:1 Depths:2 Depths:3 Depths:4
Abyss: Lair:5 Depths:1* Depths:2 Depths:3
Pandemonium: Depths:2
Ziggurat: Depths:3


Innate Abilities, Weirdness & Mutations

You have a pair of horns on your head.
You reflexively headbutt those who attack you in melee.
You have supernaturally acute eyesight. (SInv)
You are dopey. (Int -2)
Your magical capacity is low. (-10% MP)
You passively map a small area around you.
You are vulnerable to heat. (rF-)


Message History

Where to? (Enter - D:1, ? - help) Magic restored.
There is a stone staircase leading up here.
You fly upwards.
There is a stone staircase leading down here.
You see here a +0 animal skin.
There is a stone staircase leading up here.
You fly upwards.
There is a stone staircase leading down here.
An Ice Fiend comes into view.
The Ice Fiend gestures at you. The bolt of cold hits you!!
The Ice Fiend barely misses you. The Ice Fiend completely misses you.
You barely miss the Ice Fiend. You headbutt the Ice Fiend!
The Ice Fiend is lightly wounded.
The Ice Fiend gestures at you. The bolt of cold misses you.
You barely miss the Ice Fiend.
The Ice Fiend is lightly wounded.
The Ice Fiend gestures at you. The bolt of cold misses you.
You slice the Ice Fiend!! Your headbutt misses the Ice Fiend.
The Ice Fiend is heavily wounded.
The Ice Fiend calls on the powers of darkness!
Your body is wracked with pain!
You barely miss the Ice Fiend.
You headbutt the Ice Fiend, but do no damage.
The Ice Fiend is heavily wounded.
The Ice Fiend calls on the powers of darkness!
Your body is wracked with pain!
You are too injured to fight recklessly!
You slice the Ice Fiend!! You headbutt the Ice Fiend!
The Ice Fiend is severely wounded.
The Ice Fiend completely misses you. The Ice Fiend closely misses you.
You open the Ice Fiend like a pillowcase!!!
You kill the Ice Fiend!
Trog accepts your kill.
Really fly into a travel-excluded area?
There is a staircase leading out of the dungeon here.
You have escaped!

.# ####P~~~~~.#.## #.# #..#
.#####PP.~..P..~~..# #^# #..##
...##PPP~P###PP.#..# #.# #..##
##.##.~~### ##P.#..# #.####....
#.##.###.# ##.#..# #...##.#..
##.##_##..#######..#######.##.#.#
....#8#......# ##.........##.#.#
.##.####..################.##.#.#
.##.# #..##....@....#...........
.##.# #..##.........#####....#..
..#.####..##.........# ##..###..
#.........##..#...#..####...###..
>.#.####..##.........#...........
##....##..(#.........####.#.####.
#.#.#(##.###..#...#..# #.#......
.##.#.#..###.........####.######.
.##.#.#.##.....≈.≈..)..##.######.


There were no monsters in sight!

Vanquished Creatures
  4 dread liches
  An ancient lich (Zot:5)
  A juggernaut (Depths:3)
  7 orbs of fire (Zot:5)
  2 pandemonium lords
  5 Killer Klowns (Zot:5)
  Parghit (Depths:4)
  the Lernaean hydra (Swamp:4)
  Margery (Vaults:5)
  A caustic shrike (Depths:3)
  2 curse toes
  11 golden dragons
  A profane servitor (Depths:1)
  A bone dragon (Depths:4)
  the Enchantress (Depths:4)
  2 Tzitzimimeh
  A Brimstone Fiend (Depths:1)
  An electric golem (Zot:5)
  Zenata (Vaults:1)
  17 tentacled monstrosities
  2 hellephants (Vaults:4)
  Jorgrun (D:12)
  3 liches
  27 Orb Guardians
  3 deep elf blademasters
  An Ice Fiend (D:1)
  10 quicksilver dragons
  4 titans (Vaults:5)
  2 deep elf master archers (Elf:3)
  An Executioner (Zot:5)
  6 death cobs
  15 shadow dragons
  6 tengu reavers
  Kirke (D:15)
  9 sphinxes
  2 fenstrider witches
  The ghost of freelancePsychic the Warrior, an adept TeBe of Trog (Swamp:4)
  8 storm dragons
  10 draconian monks
  3 draconian knights
  4 emperor scorpions
  10 fire giants
  9 frost giants
  7 deep elf sorcerers
  An iron dragon (Vaults:5)
  Aizul (Swamp:4)
  18 vault wardens
  5 draconian scorchers
  A balrug (Depths:1)
  9 draconian shifters
  5 draconian stormcallers
  2 cacodemons
  7 ghost moths
  A juggernaut zombie (Depths:2)
  4 deep elf elementalists (Elf:3)
  Louise (D:15)
  4 spriggan defenders
  3 broodmothers
  17 very ugly things
  2 war gargoyles
  22 stone giants
  A reaper (Zot:2)
  19 ironbound preservers
  12 ironbound thunderhulks
  15 deep elf annihilators
  3 vampire knights
  14 black draconians
  4 eleionomae
  6 deep elf demonologists (Elf:3)
  9 green draconians
  10 yellow draconians
  4 dire elephants (Vaults:4)
  7 purple draconians
  Azrael (Elf:2)
  12 white draconians
  5 bunyips
  7 spark wasps
  14 red draconians
  5 crystal guardians
  6 fire dragons
  12 ettins
  4 deep elf death magi
  2 shambling mangroves
  8 ragged hierophants
  3 deep elf high priests
  3 entropy weavers
  6 great orbs of eyes
  8 ice dragons
  21 yaktaur captains
  43 vault guards
  5 servants of whispers (Desolation)
  2 rakshasas
  21 hydras
  3 ogre magi (Vaults:5)
  4 radroaches
  3 hell beasts
  5 spriggan air magi
  A two-headed ogre (shapeshifter) (Depths:2)
  4 jorogumos
  7 ironbound frosthearts
  9 peacekeepers
  6 alligators
  The ghost of wormed the Transmogrifier, a journeyman OpTm of Gozag (D:10)
  9 centaur warriors
  A catoblepas (Lair:5)
  10 boulder beetles
  4 death yaks (Lair:4)
  3 two-headed ogres
  23 dancing weapons
  9 deep troll shamans
  3 hell hogs (Depths:1)
  Urug (Lair:4)
  2 vampire magi
  8 death scarabs (Spider:4)
  10 deep troll earth magi
  A spectral emperor scorpion (Spider:4)
  4 spriggan berserkers
  2 orc high priests (Orc:2)
  A storm dragon zombie (Depths:2)
  18 hell knights
  23 deep elf knights
  3 thrashing horrors (Lair:5)
  3 soul eaters
  Sonja (Orc:2)
  10 pharaoh ants
  A golden dragon zombie (Depths:2)
  2 sixfirhies
  5 skeletal warriors (D:13)
  A storm dragon skeleton (Depths:1)
  A sun demon (Depths:1)
  10 iron trolls
  3 goliath frogs
  A death drake (shapeshifter) (Vaults:5)
  4 glowing orange brains
  12 bog bodies
  6 deep elf archers
  14 orb spiders
  4 flayed ghosts
  6 spriggan druids
  74 deep trolls
  9 swamp dragons
  A shadow demon (Zot:5)
  11 steelbarb worms
  8 necromancers
  A golden dragon skeleton (Depths:1)
  A spectral wolf spider (Spider:4)
  2 swamp dragons (shapeshifter)
  6 wizards
  Pikel (D:7)
  A harpy (shapeshifter) (Vaults:5)
  2 phantasmal warriors (Vaults:5)
  9 orc knights
  22 deep elf zephyrmancers
  A harpy (Elf:2)
  22 ironbound convokers
  An oklob plant (Lair:3)
  9 lindwurms
  31 deep elf pyromancers
  25 wolf spiders
  A stone giant zombie (Vaults:4)
  36 ugly things
  2 will-o-the-wisps (Swamp:1)
  3 orc sorcerers
  14 cyclopes
  Joseph (D:7)
  A large abomination (Lair:5)
  5 manticores (Elf:2)
  38 moths of wrath
  A frost giant zombie (Depths:1)
  An elephant (shapeshifter) (Vaults:3)
  A rust devil (Zot:5)
  A naga mage (Vaults:3)
  2 guardian serpents (Desolation)
  A smoke demon (Lair:5)
  10 elephants (Lair:4)
  5 black mambas
  13 vault sentinels
  7 demonic crawlers
  An eye of devastation (shapeshifter) (Depths:2)
  8 molten gargoyles
  3 orange demons
  A stone giant skeleton (Depths:1)
  8 torpor snails
  14 cane toads
  2 cane toads (shapeshifter)
  2 freezing wraiths (Vaults:5)
  A kobold demonologist (D:12)
  A hellion (Depths:2)
  3 gargoyles
  3 unseen horror zombies (D:9)
  13 komodo dragons
  33 yaktaurs
  2 ice devils (Zot:5)
  An ancient zyme (Lair:5)
  4 spectral redbacks (Spider:4)
  4 tengu conjurers
  A red devil (Depths:2)
  A golden dragon simulacrum (Depths:1)
  A queen bee (D:9)
  2 yaktaur skeletons (Vaults:4)
  8 trolls
  A bloated husk (Swamp:3)
  A polar bear (Lair:2)
  8 tyrant leeches
  Grinder (D:3)
  2 hellwings (Depths:2)
  A spectral culicivora (Spider:4)
  27 tarantellas
  A tarantella (shapeshifter) (Lair:5)
  A hornet (shapeshifter) (D:14)
  12 hornets
  2 spectral tarantellas (Spider:4)
  3 tarantella zombies (Spider:4)
  A merfolk (shapeshifter) (Depths:4)
  52 saltlings
  Prince Ribbit (D:8)
  A jumping spider zombie (Spider:4)
  A tengu simulacrum (Depths:2)
  A spectral jumping spider (Spider:4)
  2 human simulacra
  A dream sheep (shapeshifter) (Lair:5)
  19 blink frogs
  27 jumping spiders
  40 slime creatures
  A slime creature (shapeshifter) (Elf:3)
  18 culicivoras
  43 yaks
  A jumping spider (shapeshifter) (D:12)
  15 spriggans
  An air elemental (Elf:1)
  5 shadows
  8 small abominations (Lair:5)
  2 ynoxinuls (Lair:5)
  7 water elementals
  2 wyverns
  6 wraiths
  3 vampires
  6 fire elementals
  A fire bat (shapeshifter) (Vaults:5)
  5 hogs (D:15)
  9 basilisks
  Eustachio (D:6)
  A yaktaur simulacrum (Vaults:4)
  5 humans (D:6)
  3 chaos spawn
  A neqoxec (D:3)
  43 redbacks
  5 wargs
  11 vampire mosquitoes
  Edmund (D:4)
  Menkaure (D:4)
  13 swamp worms
  2 acid dragons (D:12)
  16 water moccasins
  12 hell hounds
  9 swamp drakes
  27 orc warriors
  5 black bears
  2 boggarts (Vaults:4)
  27 wolves
  5 ogres
  22 centaurs
  Blork the orc (D:6)
  3 gnoll sergeants
  6 kobold brigands
  9 bullfrogs
  2 earth elementals (Elf:1)
  A necrophage (D:6)
  4 scorpions
  3 human skeletons (Vaults:4)
  10 wights
  34 killer bees
  An electric eel (D:11)
  7 howler monkeys
  A lava snake (D:15)
  2 centaur zombies (D:9)
  2 jellies
  19 orc priests
  2 hounds
  3 human zombies
  2 gnoll boudas
  Crazy Yiuf (D:6)
  Jessica (D:3)
  2 iguanas
  18 orc wizards
  5 hell rats (Lair:2)
  3 mummies (D:9)
  2 howler monkey zombies (D:9)
  16 gnolls
  9 adders
  A shadow imp (D:8)
  A white imp (Vaults:3)
  3 ufetubi
  2 worms
  3 dart slugs (D:1)
  67 orcs
  3 endoplasms
  6 giant cockroaches
  10 goblins
  8 hobgoblins
  5 quokkas
  5 ball pythons
  7 bats
  2 frilled lizards
  28 kobolds
  3 rats
  A butterfly (Lair:1)
2236 creatures vanquished.

Vanquished Creatures (collateral kills)
  A dread lich (Zot:5)
  A pandemonium lord (Depths:1)
  A Killer Klown (Zot:5)
  Arachne (Spider:2)
  An electric golem (Zot:5)
  An Ice Fiend (Depths:1)
  A fenstrider witch (Swamp:4)
  A thorn hunter (Swamp:4)
  A draconian annihilator (Zot:5)
  A lorocyproca (Depths:1)
  2 ragged hierophants (Desolation)
  A hydra (Swamp:4)
  A radroach (Spider:3)
  A boulder beetle (Spider:3)
  A dancing weapon (Elf:2)
  An orc high priest (Orc:2)
  2 pharaoh ants (Spider:3)
  A goliath frog (Swamp:2)
  A bog body (Swamp:4)
  A deep elf zephyrmancer (Elf:2)
  An ironbound convoker (Desolation)
  2 orc sorcerers (Orc:2)
  A wolf spider (Spider:2)
  A guardian serpent (Desolation)
  A demonic crawler (Spider:3)
  A torpor snail (Spider:2)
  A tormentor (Depths:1)
  A red devil (Depths:1)
  2 tarantellas (Spider:2)
  4 saltlings (Desolation)
  A spectral tarantella (Spider:4)
  A jumping spider (Spider:4)
  2 spriggans (Swamp:2)
  3 redbacks
  2 vampire mosquitoes (Swamp:2)
  2 orc warriors (Orc:2)
48 creatures vanquished.

Vanquished Creatures (others)
  3 deep elf knights
  A pharaoh ant (Spider:1)
  A deep elf archer (Elf:2)
  2 manticores (Elf:2)
  A molten gargoyle (D:15)
  A tengu conjurer (Vaults:3)
  5 bloated husks
  A jumping spider (Spider:4)
  2 vampire mosquitoes (Swamp:3)
  A boggart (Vaults:4)
  4 foxfires (Swamp:1)
  10 fungi
  22 plants
54 creatures vanquished.

Grand Total: 2338 creatures vanquished

Notes
Turn   | Place    | Note
-------+----------+-------------------------------------------
     0 | D:1      | wormed the Minotaur Berserker began the quest for the Orb.
     0 | D:1      | Reached XP level 1. HP: 19/19 MP: 0/0
   200 | D:1      | Reached XP level 2. HP: 27/27 MP: 1/1
   209 | D:1      | Found Ubegint's Book Emporium.
   517 | D:1      | Reached skill level 1 in Shields
   541 | D:1      | Reached ** piety under Trog
   612 | D:1      | You fall into a shaft and drop 1 floor!
   702 | D:2      | Reached XP level 3. HP: 33/33 MP: 2/2
   916 | D:1      | Found a faded altar of an unknown god.
  1037 | D:1      | Identified a scroll of acquirement
  1037 | D:1      | Acquired a manual of Shields
  1697 | D:3      | Noticed Grinder
  1762 | D:3      | Reached XP level 4. HP: 40/40 MP: 3/3
  1815 | D:3      | Paralysed by Grinder for 4 turns
  1824 | D:3      | Killed Grinder
  1825 | D:3      | Reached skill level 5 in Polearms
  1825 | D:3      | Reached XP level 5. HP: 24/47 MP: 4/4
  1825 | D:3      | Reached XP level 6. HP: 27/53 MP: 5/5
  1941 | D:3      | Found a radiant altar of Vehumet.
  2195 | D:3      | Noticed Jessica
  2203 | D:3      | Killed Jessica
  2414 | D:4      | Reached *** piety under Trog
  2511 | D:4      | Reached skill level 5 in Fighting
  2577 | D:4      | Reached XP level 7. HP: 56/61 MP: 6/6
  2703 | D:4      | Noticed Edmund
  2703 | D:4      | Noticed Menkaure
  2718 | D:4      | Killed Edmund
  2719 | D:4      | Reached skill level 5 in Shields
  2722 | D:4      | Killed Menkaure
  2734 | D:4      | Acquired the ring "Vanir" {rF+ MP+9 Str+2 Int+2}
  3229 | D:5      | Entered Level 5 of the Dungeon
  3307 | D:5      | Reached skill level 5 in Armour
  3307 | D:5      | Reached XP level 8. HP: 48/70 MP: 7/7
  3755 | D:5      | Found a basalt altar of Yredelemnul.
  4352 | D:6      | Noticed Blork the orc
  4367 | D:6      | Killed Blork the orc
  4368 | D:6      | Reached skill level 5 in Dodging
  4404 | D:6      | Noticed Eustachio
  4437 | D:6      | Killed Eustachio
  4673 | D:6      | Found a shadowy altar of Dithmenos.
  4839 | D:6      | Reached XP level 9. HP: 72/78 MP: 8/8
  5038 | D:6      | Reached **** piety under Trog
  5101 | D:6      | Found a runed translucent door.
  5102 | D:6      | Noticed Crazy Yiuf
  5528 | D:6      | Killed Crazy Yiuf
  5639 | D:7      | Noticed Joseph
  5669 | D:7      | Killed Joseph
  5670 | D:7      | Reached skill level 10 in Polearms
  5759 | D:7      | Found a staircase to the Ecumenical Temple.
  5812 | D:7      | Noticed Pikel
  5825 | D:7      | Killed Pikel
  5902 | D:7      | Reached XP level 10. HP: 77/88 MP: 9/9
  6290 | D:7      | Found a hide-covered altar of Uskayaw.
  6316 | D:7      | Identified the +3 sling "Oshraucw" {elec, rC- Str+2 Dex+4}
  6451 | D:7      | Found a stormy altar of Qazlal.
  6552 | D:7      | Reached skill level 10 in Shields
  6892 | D:8      | Found an iron altar of Okawaru.
  6895 | D:8      | Noticed a two-headed ogre
  6904 | D:8      | Killed a two-headed ogre
  6942 | D:8      | Noticed Prince Ribbit
  6951 | D:8      | Killed Prince Ribbit
  7805 | D:9      | Acquired the +1 pair of gloves "Put-Me-On" {rN+ Will+
                  | Regen+}
  7921 | D:9      | Found a shimmering altar of Xom.
  7946 | D:9      | Reached ***** piety under Trog
  7962 | D:9      | Found a staircase to the Lair.
  8080 | D:9      | Reached XP level 11. HP: 97/97 MP: 10/10
  8400 | D:9      | Noticed a two-headed ogre
  8408 | D:9      | Killed a two-headed ogre
  8502 | D:9      | Found an ancient bone altar of Kikubaaqudgha.
  8521 | D:9      | Received a gift from Trog
  8610 | D:10     | Entered Level 10 of the Dungeon
  8610 | D:10     | Found a runed translucent gate.
  8610 | D:10     | Found a runed translucent gate.
  8610 | D:10     | Found a runed translucent gate.
  8703 | D:10     | Found a staircase to the Orcish Mines.
  8710 | D:10     | Reached skill level 10 in Fighting
  9004 | D:10     | Found a glowing silver altar of Zin.
  9072 | D:10     | Found an ornate altar of the Wu Jian Council.
  9302 | D:10     | Noticed wormed's ghost (journeyman OpTm)
  9756 | Lair:1   | Entered Level 1 of the Lair of Beasts
  9830 | Lair:1   | Reached skill level 10 in Armour
 10533 | Lair:1   | Found a shimmering altar of Xom.
 10712 | Lair:2   | Found a hole to the Spider Nest.
 10751 | Lair:2   | Noticed a four-headed hydra
 10780 | Lair:2   | Killed a four-headed hydra
 10781 | Lair:2   | Reached XP level 12. HP: 93/110 MP: 11/11
 10842 | Lair:2   | Identified the +9 broad axe "Yxenle" {heavy, rPois rCorr}
                  | (Trog gifted it to you on level 2 of the Lair of Beasts)
 10842 | Lair:2   | Received a gift from Trog
 10995 | Lair:2   | Reached skill level 10 in Dodging
 11352 | Lair:2   | Reached skill level 15 in Shields
 11910 | Lair:3   | Found a staircase to the Swamp.
 12609 | Lair:4   | Noticed a death yak
 12615 | Lair:4   | Noticed Urug
 12628 | Lair:4   | Killed a death yak
 12629 | Lair:4   | Reached XP level 13. HP: 99/119 MP: 12/12
 12652 | Lair:4   | Killed Urug
 13153 | Lair:4   | Reached ****** piety under Trog
 13374 | Lair:4   | Found a shadowy altar of Dithmenos.
 13377 | Lair:4   | Identified the +2 robe "Buicour" {Contam rElec Str+3
                  | Slay+3}
 13591 | Lair:4   | Received a gift from Trog
 13641 | Lair:5   | Entered Level 5 of the Lair of Beasts
 13719 | Lair:5   | Found a broken altar of Ashenzari.
 13860 | Lair:5   | Found a staircase to the Slime Pits.
 13925 | Lair:5   | Identified the +5 hand axe of Wegu {flame, Str+4}
 14462 | Lair:5   | Reached XP level 14. HP: 108/132 MP: 13/13
 14655 | Lair:5   | Received a gift from Trog
 15002 | Lair:5   | Found a corrupted altar of Lugonu.
 15002 | Lair:5   | Found a one-way gate to the infinite horrors of the Abyss.
 15361 | D:10     | Killed wormed's ghost
 15404 | Orc:1    | Entered Level 1 of the Orcish Mines
 16206 | D:12     | Identified the +9 trident "Wauleobb" {flame, Fragile rPois
                  | rN+++ Dex-2}
 16516 | D:12     | Noticed Jorgrun
 16531 | D:12     | Killed Jorgrun
 16861 | D:12     | Reached skill level 15 in Fighting
 17135 | D:13     | Received a gift from Trog
 17249 | D:13     | Identified the +5 shortbow of Xom's Generosity {antimagic,
                  | rPois Int+3}
 17298 | D:13     | Reached skill level 15 in Armour
 17476 | D:13     | Found a gate to the Vaults.
 17609 | D:13     | Reached XP level 15. HP: 141/141 MP: 14/14
 17934 | D:14     | Acquired 888 gold pieces
 18474 | D:14     | Received a gift from Trog
 18684 | D:15     | Entered Level 15 of the Dungeon
 18958 | D:15     | Found a staircase to the Depths.
 18997 | D:15     | Noticed Louise
 19015 | D:15     | Killed Louise
 19285 | D:15     | Noticed Kirke
 19308 | D:15     | Killed Kirke
 19853 | Orc:2    | Entered Level 2 of the Orcish Mines
 19853 | Orc:2    | Found a staircase to the Elven Halls.
 19977 | Orc:2    | Identified the +2 spear of Integrity {heavy, rElec rF+
                  | Str+5 Dex-4} (Trog gifted it to you on level 2 of the
                  | Orcish Mines)
 19977 | Orc:2    | Received a gift from Trog
 20033 | Orc:2    | Found Kaoriad's Book Shop.
 20033 | Orc:2    | Found Jestoi's Jewellery Emporium.
 20050 | Orc:2    | Found Nuleesmibe's Weapon Shop.
 20050 | Orc:2    | Found Losulose's Armour Emporium.
 20060 | Orc:2    | Bought the +4 moon troll leather armour {Spirit, Regen++
                  | MP+5} for 763 gold pieces
 20060 | Orc:2    | Found the +4 moon troll leather armour {Spirit, Regen++
                  | MP+5}
 20159 | Orc:2    | Noticed Sonja
 20182 | Orc:2    | Killed Sonja
 20460 | Orc:2    | Found Qidipiwn's Weapon Shop.
 21275 | Spider:1 | Entered Level 1 of the Spider Nest
 21451 | Lair:2   | Reached skill level 1 in Throwing
 21479 | Spider:1 | Reached skill level 15 in Dodging
 21483 | Spider:1 | Received a gift from Trog
 21555 | Spider:1 | Reached XP level 16. HP: 148/152 MP: 15/15
 22025 | Spider:2 | Noticed Arachne
 22045 | Spider:2 | Killed Arachne
 23399 | Spider:3 | Received a gift from Trog
 24119 | Spider:3 | Reached skill level 5 in Throwing
 24573 | Spider:4 | Entered Level 4 of the Spider Nest
 24727 | Spider:4 | Reached XP level 17. HP: 121/162 MP: 16/16
 25330 | Spider:4 | Received a gift from Trog
 26688 | Spider:4 | Received a gift from Trog
 26850 | Spider:4 | Got a gossamer rune of Zot
 27282 | Swamp:1  | Entered Level 1 of the Swamp
 27602 | Swamp:1  | Identified the +1 robe "Piggass" {Drain rElec rPois rC++}
 28311 | Swamp:2  | Identified the +6 rapier of the Fool {freeze, rF+ Int+3}
 28489 | Swamp:2  | Found a glowing silver altar of Zin.
 28714 | Swamp:3  | Reached XP level 18. HP: 173/173 MP: 17/17
 28813 | Swamp:3  | Received a gift from Trog
 29444 | Swamp:4  | Entered Level 4 of the Swamp
 29635 | Swamp:4  | HP: 7/173 [fenstrider witch/toxic sludge (18)]
 29768 | Swamp:4  | Found a large runed translucent door.
 29769 | Swamp:4  | Found a large runed translucent door.
 29771 | Swamp:4  | Noticed freelancePsychic's ghost (adept TeBe)
 30056 | Swamp:4  | HP: 8/174 [bog body (26)]
 30066 | Swamp:4  | HP: 8/174 [eight-headed hydra (4)]
 30269 | Swamp:4  | Noticed Aizul
 30298 | Swamp:4  | Killed Aizul
 30462 | Swamp:4  | Noticed the 27-headed Lernaean hydra
 30469 | Swamp:4  | Killed the 27-headed Lernaean hydra
 30504 | Swamp:4  | Got a decaying rune of Zot
 30707 | Swamp:4  | Killed freelancePsychic's ghost
 31021 | Vaults:1 | Entered Level 1 of the Vaults
 31147 | Vaults:1 | Noticed Zenata
 31174 | Vaults:1 | Killed Zenata
 31730 | Vaults:1 | Received a gift from Trog
 32183 | Vaults:1 | Reached XP level 19. HP: 133/183 MP: 18/18
 33100 | Vaults:2 | Reached skill level 10 in Throwing
 33600 | Vaults:2 | Received a gift from Trog
 34710 | Vaults:3 | Found a radiant altar of Vehumet.
 34774 | Vaults:3 | Identified the +1 robe of Waupt {Harm +Inv rF+}
 34791 | Vaults:3 | Identified the +2 hat of Failure {Fly rElec Will+}
 34965 | Vaults:3 | Found a portal to a secret trove of treasure.
 35067 | Vaults:3 | Found a staircase to the Crypt.
 35067 | Vaults:3 | Found an ancient bone altar of Kikubaaqudgha.
 35067 | Vaults:3 | Found a basalt altar of Yredelemnul.
 35695 | Vaults:4 | Received a gift from Trog
 35818 | Vaults:4 | Found a crumbling gateway.
 35831 | Desolati | Entered the Desolation of Salt
 36041 | Desolati | Reached XP level 20. HP: 152/195 MP: 16/19
 36152 | Desolati | Identified the +10 spear "Diozxuyg" {antimagic, rF+} (Trog
                  | gifted it to you in the Desolation of Salt)
 36152 | Desolati | Received a gift from Trog
 36508 | Desolati | Identified the +2 robe "Kouxugah" {-Tele Rampage Str+4}
 36583 | Desolati | Identified the +12 shortbow "Orb Guardian's Curse" {freeze,
                  | Int+6}
 36584 | Desolati | Identified the +3 robe of Fuadwol {rN+ Str+4}
 36587 | Desolati | Identified the ring "Xepsa" {rPois rF+ MP+9 Stlth-}
 36847 | Desolati | Identified the +1 chain mail of Tenacity {rElec Int+2}
 36858 | Desolati | Received a gift from Trog
 36863 | Desolati | Identified the amulet of Uskayaw's Regard {Faith Fragile
                  | rElec rCorr Dex+5}
 37305 | Vaults:4 | Found Juufatsoa's Armour Boutique.
 37566 | Vaults:4 | Found a huge runed gate.
 37566 | Vaults:4 | Found a huge runed gate.
 37567 | Vaults:4 | Found a huge runed gate.
 37567 | Vaults:4 | Found a huge runed gate.
 37583 | Vaults:4 | Found a huge runed gate.
 37583 | Vaults:4 | Found a huge runed gate.
 37583 | Vaults:4 | Found a huge runed gate.
 37583 | Vaults:4 | Found a huge runed gate.
 37585 | Vaults:4 | Found a huge runed gate.
 37585 | Vaults:4 | Found a huge runed gate.
 37585 | Vaults:4 | Found a huge runed gate.
 37586 | Vaults:4 | Found a huge runed gate.
 37587 | Vaults:4 | Found a huge runed gate.
 37588 | Vaults:4 | Found a huge runed gate.
 37589 | Vaults:4 | Found a huge runed gate.
 37590 | Vaults:4 | Found a huge runed gate.
 37675 | Vaults:4 | Found a huge runed gate.
 37675 | Vaults:4 | Found a huge runed gate.
 37675 | Vaults:4 | Found a huge runed gate.
 37675 | Vaults:4 | Found a huge runed gate.
 37675 | Vaults:4 | Found a huge runed gate.
 37675 | Vaults:4 | Found a huge runed gate.
 37677 | Vaults:4 | Found a huge runed gate.
 37710 | Vaults:4 | Found a huge runed gate.
 37717 | Vaults:4 | Found a huge runed gate.
 37747 | Vaults:4 | Found a huge runed gate.
 37747 | Vaults:4 | Found a huge runed gate.
 37747 | Vaults:4 | Found a huge runed gate.
 37747 | Vaults:4 | Found a huge runed gate.
 37747 | Vaults:4 | Found a huge runed gate.
 37747 | Vaults:4 | Found a huge runed gate.
 37748 | Vaults:4 | Found a huge runed gate.
 37749 | Vaults:4 | Found a huge runed gate.
 37750 | Vaults:4 | Found a huge runed gate.
 37759 | Vaults:4 | Found a huge runed gate.
 37759 | Vaults:4 | Found a huge runed gate.
 38133 | Vaults:4 | Received a gift from Trog
 39501 | Elf:1    | Entered Level 1 of the Elven Halls
 39771 | Elf:1    | Reached skill level 1 in Axes
 40051 | Elf:1    | Received a gift from Trog
 40178 | Elf:1    | Reached skill level 5 in Axes
 40203 | Elf:1    | Reached XP level 21. HP: 205/205 MP: 20/20
 40620 | Elf:1    | Found an ancient bone altar of Kikubaaqudgha.
 40641 | Elf:2    | Noticed Azrael
 40685 | Elf:2    | Killed Azrael
 40882 | Elf:2    | Found a runed translucent gate.
 40883 | Elf:2    | Found a runed translucent gate.
 40883 | Elf:2    | Found a runed translucent gate.
 41243 | Elf:2    | Reached skill level 10 in Axes
 41250 | Elf:2    | Received a gift from Trog
 41810 | Elf:2    | Received a gift from Trog
 42179 | Elf:3    | Entered Level 3 of the Elven Halls
 42346 | Elf:3    | Paralysed by a floating eye for 2 turns
 42824 | Elf:3    | Identified the +7 battleaxe of Impermanence {pain, Drain
                  | rCorr Int+2 Dex+6}
 42824 | Elf:3    | Identified the ring "Tonuunax" {rElec rN+}
 42872 | Elf:3    | Identified the amulet of the Battered Demons {RegenMP Str+4
                  | Dex-5}
 42872 | Elf:3    | Identified the +7 long sword "Ziwnuh" {flame, rF+ rC-
                  | Int+4}
 42889 | Elf:3    | a rockslime changed into a juggernaut
 42889 | Elf:3    | Noticed a juggernaut (glowing shapeshifter)
 42890 | Elf:3    | Identified the +7 rapier "Durefiso" {flame, Str+4}
 42893 | Elf:3    | a juggernaut changed into a rockslime
 42902 | Elf:3    | a rockslime changed into a shard shrike
 42902 | Elf:3    | Noticed a shard shrike (glowing shapeshifter)
 42906 | Elf:3    | a shard shrike changed into a rockslime
 43126 | Elf:3    | Identified the +9 dagger "Geece" {flame, rC+ rN++ Str+3
                  | Dex-2}
 43147 | Elf:3    | Received a gift from Trog
 43154 | Elf:3    | Reached skill level 15 in Axes
 43474 | Elf:3    | Identified the +6 scale mail of the Past {rCorr}
 44059 | Vaults:5 | Entered Level 5 of the Vaults
 44103 | Vaults:5 | Reached XP level 22. HP: 207/213 MP: 21/21
 44139 | Vaults:5 | Identified the +11 trident "Peughyc" {heavy, Dex+3} (Trog
                  | gifted it to you on level 5 of the Vaults)
 44139 | Vaults:5 | Received a gift from Trog
 44144 | Vaults:5 | Identified the amulet "Sidwoful" {Spirit rN+ Dex+2}
 44171 | Vaults:5 | Noticed a dread lich
 44378 | Vaults:5 | Noticed a dread lich
 44391 | Vaults:5 | Killed a dread lich
 44423 | Vaults:5 | Received a gift from Trog
 44436 | Vaults:5 | Killed a dread lich
 44441 | Vaults:5 | Identified the +1 halberd "Janus" {antimagic, rElec rC+
                  | Will+ Str+3}
 44448 | Vaults:5 | Noticed Margery
 44451 | Vaults:5 | Noticed a golden dragon
 44452 | Vaults:5 | Noticed a dread lich
 44452 | Vaults:5 | Identified the +0 plate armour "Mugufon" {Fly rF+ Dex+7
                  | Stlth+}
 44456 | Vaults:5 | Killed Margery
 44456 | Vaults:5 | Identified the +1 leather armour "Quckaur" {rF+}
 44488 | Vaults:5 | Noticed a golden dragon
 44500 | Vaults:5 | Killed a golden dragon
 44597 | Vaults:5 | Killed a golden dragon
 44622 | Vaults:5 | Killed a dread lich
 44824 | Vaults:5 | Reached XP level 23. HP: 225/225 MP: 22/22
 44828 | Vaults:5 | Received a gift from Trog
 45352 | Vaults:5 | Found Vos Cuag's General Store.
 45449 | Vaults:5 | Got a silver rune of Zot
 45890 | Vaults:3 | You paid a toll of +2 storm dragon scales to enter a
                  | treasure trove
 45891 | Trove    | Entered a treasure trove
 45908 | Trove    | Identified the ring of Qibomeig {Fire *Corrode Str+2 Int-5
                  | Dex+5}
 45910 | Trove    | Identified the +2 pair of gloves of Indomitability {+Inv
                  | Int+2 Dex+2}
 45911 | Trove    | Identified the ring of the Country {rF+ rC+ rN+ Dex-5}
 46223 | Depths:1 | Entered Level 1 of the Depths
 46493 | Depths:1 | Found an opulent altar of Gozag.
 46635 | Depths:1 | Found a faded altar of an unknown god.
 46754 | Depths:1 | Found a gateway to Hell.
 47176 | Depths:2 | Received a gift from Trog
 47585 | Depths:2 | Found the ring of Shadows {Umbra +Inv Stlth+}
 47995 | Depths:2 | Found a one-way gate leading to the halls of Pandemonium.
 48115 | Depths:2 | Received a gift from Trog
 48291 | Depths:3 | Found a one-way gateway to a ziggurat.
 48552 | Depths:3 | Found a glowing golden altar of the Shining One.
 48766 | Depths:3 | Noticed a caustic shrike
 48774 | Depths:3 | Killed a caustic shrike
 48775 | Depths:3 | Identified the ring of Kotiz {MP+9 Dex-3 Slay+5}
 48823 | Depths:3 | Found the macabre finger necklace {Finger+ rN+}
 48837 | Depths:3 | Noticed a juggernaut
 48848 | Depths:3 | Killed a juggernaut
 49071 | Depths:3 | Reached XP level 24. HP: 237/237 MP: 22/22
 49455 | Depths:4 | Entered Level 4 of the Depths
 49464 | Depths:4 | Received a gift from Trog
 49716 | Depths:4 | Noticed the Enchantress
 49731 | Depths:4 | Killed the Enchantress
 49752 | Depths:4 | Received a gift from Trog
 49795 | Depths:4 | Noticed Parghit
 49814 | Depths:4 | Killed Parghit
 49931 | Depths:4 | Found Akig's Antique Weapon Shoppe.
 49934 | Depths:4 | Found Fibosufo's Antique Armour Emporium.
 49936 | Depths:4 | Found Zyipuzu's Magic Scroll Shoppe.
 49942 | Depths:4 | Bought a pair of heavily runed boots for 323 gold pieces
 49942 | Depths:4 | Identified the +0 pair of boots of Wu Jian's Condemnation
                  | {Fly rElec rC+} (You bought it in a shop on level 4 of the
                  | Depths)
 49945 | Depths:4 | Bought a scroll of acquirement for 624 gold pieces
 49945 | Depths:4 | Acquired 791 gold pieces
 50166 | Depths:4 | Found a gate to the Realm of Zot.
 50530 | Zot:1    | Entered Level 1 of the Realm of Zot
 51278 | Zot:1    | Received a gift from Trog
 51431 | Zot:2    | You are sucked into a shaft and drop 2 floors!
 51760 | Zot:4    | Identified the +1 scale mail "Toazouk" {Rampage}
 52295 | Zot:2    | Reached XP level 25. HP: 217/249 MP: 22/22
 52313 | Zot:2    | Received a gift from Trog
 54465 | Zot:4    | Reached skill level 27 in Shields
 55170 | Zot:5    | Entered Level 5 of the Realm of Zot
 55405 | Zot:5    | Received a gift from Trog
 56543 | Zot:5    | Noticed a dread lich
 56554 | Zot:5    | Killed a dread lich
 56573 | Zot:5    | Noticed a dread lich
 56574 | Zot:5    | Noticed a Killer Klown
 56580 | Zot:5    | Noticed an orb of fire
 56580 | Zot:5    | Noticed an orb of fire
 56581 | Zot:5    | Noticed a Killer Klown
 56582 | Zot:5    | Noticed an orb of fire
 56588 | Zot:5    | Killed a dread lich
 56589 | Zot:5    | Noticed a Killer Klown
 56594 | Zot:5    | Gained mutation: You are frail. (-10% HP) [an orb of fire]
 56595 | Zot:5    | Killed an orb of fire
 56603 | Zot:5    | Gained mutation: Your body sometimes deteriorates upon
                  | taking damage. [an orb of fire]
 56604 | Zot:5    | Killed an orb of fire
 56606 | Zot:5    | Killed an orb of fire
 56616 | Zot:5    | Killed a Killer Klown
 56626 | Zot:5    | Killed a Killer Klown
 56628 | Zot:5    | Killed a Killer Klown
 56697 | Zot:5    | Reached XP level 26. HP: 216/237 MP: 18/22
 56727 | Zot:5    | Noticed an orb of fire
 56729 | Zot:5    | Noticed an orb of fire
 56924 | Zot:5    | Noticed an orb of fire
 56932 | Zot:5    | Gained mutation: You are weak. (Str -2) [an orb of fire]
 56934 | Zot:5    | Gained mutation: Your spells are a little easier to cast,
                  | but a little less powerful. [an orb of fire]
 56935 | Zot:5    | Killed an orb of fire
 57027 | Zot:5    | Gained mutation: You occasionally lose the ability to read
                  | scrolls when taking damage. [an orb of fire]
 57033 | Zot:5    | Killed an orb of fire
 57038 | Zot:5    | Gained mutation: You are vulnerable to heat. (rF-) [an orb
                  | of fire]
 57041 | Zot:5    | Gained mutation: You possess an exceptional clarity of
                  | mind. [an orb of fire]
 57044 | Zot:5    | Killed an orb of fire
 57189 | Zot:5    | Received a gift from Trog
 57233 | Zot:5    | Noticed an orb of fire
 57244 | Zot:5    | Killed an orb of fire
 57631 | Zot:5    | Noticed an ancient lich
 57637 | Zot:5    | Killed an ancient lich
 57638 | Zot:5    | Reached skill level 27 in Fighting
 57638 | Zot:5    | Reached skill level 27 in Armour
 57653 | Zot:5    | Lost mutation: You possess an exceptional clarity of mind.
                  | [potion of mutation]
 57653 | Zot:5    | Lost mutation: Your body sometimes deteriorates upon taking
                  | damage. [potion of mutation]
 57653 | Zot:5    | Gained mutation: You are dopey. (Int -2) [potion of
                  | mutation]
 57653 | Zot:5    | Gained mutation: You have sharp fingernails. [potion of
                  | mutation]
 57654 | Zot:5    | Lost mutation: You are weak. (Str -2) [potion of mutation]
 57654 | Zot:5    | Lost mutation: You are frail. (-10% HP) [potion of
                  | mutation]
 57654 | Zot:5    | Lost mutation: You are vulnerable to heat. (rF-) [potion of
                  | mutation]
 57654 | Zot:5    | Gained mutation: You have supernaturally acute eyesight.
                  | (SInv) [potion of mutation]
 57655 | Zot:5    | Lost mutation: You occasionally lose the ability to read
                  | scrolls when taking damage. [potion of mutation]
 57655 | Zot:5    | Lost mutation: You have sharp fingernails. [potion of
                  | mutation]
 57655 | Zot:5    | Gained mutation: You are vulnerable to heat. (rF-) [potion
                  | of mutation]
 57655 | Zot:5    | Gained mutation: You passively map a small area around you.
                  | [potion of mutation]
 57655 | Zot:5    | Lost mutation: Your spells are a little easier to cast, but
                  | a little less powerful. [potion of mutation]
 57689 | Zot:5    | Got the Orb of Zot
 57741 | Zot:5    | Noticed Xompuc the pandemonium lord
 57761 | Zot:5    | Gained mutation: Your magical capacity is low. (-10% MP) [a
                  | cacodemon]
 57785 | Zot:5    | Killed Xompuc the pandemonium lord
 57795 | Zot:4    | Noticed Kekari the pandemonium lord
 57804 | Zot:4    | Killed Kekari the pandemonium lord
 58153 | Depths:1 | Noticed Wooxuese the pandemonium lord
 58170 | Depths:1 | Killed Wooxuese the pandemonium lord
 58593 | D:$      | Escaped with the Orb!

Illustrated notes

Levels and vault maps discovered:
D:1:      shiori_arrival_oz, layout_loops_ring, serial_shops,
          nicolae_shop_temple_entry_statues_fountains,
          shapermc_ecumenical_altar_hornbeckon
D:2:      layout_basic
D:3:      layout_rooms, mainiacjoe_overflow_cross_hatched, uniq_grinder,
          uniq_jessica
D:4:      layout_basic, kennysheep_cross_bottleneck, hangedman_decor_lopped,
          uniq_menkaure, uniq_edmund
D:5:      layout_basic, mainiacjoe_overflow_catwalk, kennysheep_generic_room_12
D:6:      black_bear_nest_2, layout_basic,
          nicolae_dithmenos_through_a_glass_darkly, serial_corexii_hall,
          corexii_hall_statues_deadend, corexii_hall_statues_t, minmay_ruffians,
          uniq_eustachio, uniq_crazy_yiuf_cottage, uniq_blork_the_orc
D:7:      layout_loops_corners, lemuel_coloured_pillars_altar,
          grunt_qazlal_sundering, minmay_temple_entry_tees, uniq_pikel,
          uniq_joseph
D:8:      layout_loops_corners, okawaru_gym_becter, uniq_prince_ribbit1
D:9:      layout_gridville, lemuel_mausoleum_altar_kikubaaqudgha,
          lemuel_crystal_altar, lair_entry_dummy, special_room
          [special_room_bee], minmay_between
D:10:     layout_loops_corners, zin_academy, nicolae_wu_jian_glorious_leap,
          minmay_orc_entry_temple_small, gammafunk_ghost_spectres
D:11:     layout_roguey, corexii_leaking_fountain, kennysheep_generic_room_4
D:12:     layout_long_grid, minmay_misc_feat_square, minmay_pinched_square,
          uniq_jorgrun
D:13:     layout_rooms, grunt_vaults_entry_fortified
D:14:     layout_stronghold, minivault_19
D:15:     grunt_enter_depths_giant_problem, layout_grid_maze,
          amcnicky_mini_pool_small, minivault_8, uniq_kirke, uniq_louise
Lair:1:   layout_cave_pods, lemuel_centaur_altar, grunt_megastairs_2,
          serial_bayou_shore_a, lemuel_fruit_fields, serial_bayou_shore_b
Lair:2:   layout_roguey, dummy_spider_entry
Lair:3:   layout_cave_pods, skrybe_swamp_entry_bodies,
          grunt_forest_stairs_basic, lemuel_fruit_tree
Lair:4:   layout_regular_city, basic_altar, hangedman_lair_generics_rect,
          grunt_megastairs_3, serial_bayou_shore_b, uniq_urug
Lair:5:   hellmonk_lair_end_abyssal_woods, layout_hall_layers, slime_entry_1,
          basic_altar, nzn_sisyphean_effort, grunt_megastairs_5
Swamp:1:  layout_basic_swamp, hangedman_swamp_blocks
Swamp:2:  layout_basic_swamp, basic_altar, infiniplex_staircase_pool
Swamp:3:  layout_basic_swamp, nicolae_swamp_big_swirl
Swamp:4:  grunt_swamp_rune_castle, layout_basic_swamp,
          ebering_ghost_disaster_area, uniq_aizul
Spider:1: layout_spider_delve
Spider:2: layout_chambers, nicolae_arachne_temple
Spider:3: layout_spider_delve, nicolae_spider_some_kinda_spiderbox
Spider:4: floodkiller_spider_rune_tomb
Orc:1:    layout_diamond_mine
Orc:2:    grunt_orc_tribal_feast, layout_caves, serial_shops,
          nicolae_shop_window_shopping, uniq_sonja
Elf:1:    nicolae_elf_arrival_fired_up, layout_loops_cross,
          minmay_elf_annihilation, david_defended_altar_elf
Elf:2:    nicolae_elf_blades_crystal_corner, layout_gridlike, serial_aquarium,
          aquarium_bridge_square [aquarium_subvault_wall,
          aquarium_subvault_balcony, aquarium_subvault_bridge,
          aquarium_subvault_window], aquarium_bridge_long_joined
          [aquarium_subvault_wall, aquarium_subvault_wall,
          aquarium_subvault_bridge, aquarium_subvault_window,
          aquarium_subvault_wall, aquarium_subvault_wall], aquarium_window_fake,
          aquarium_window_fake, aquarium_window_fake, aquarium_view_2a,
          aquarium_view_2a, aquarium_balcony_3a, aquarium_pool_1, special_room
          [special_room_mythical_zoo], lemuel_upstairs_altar, uniq_azrael
Elf:3:    elf_hall, layout_rooms, nicolae_elf_big_sculpture_3,
          lemuel_flamethrower_3
Vaults:1: vaults_dpeg_ring, v_rooms_6, vaults_dpeg_hooks, ontoclasm_vaults_eye,
          nicolae_vaults_little_squares_2, hangedman_vaults_corner_blocks,
          nicolae_vaults_network_quinsquares
          [nicolae_vaults_network_quincunx_subvault,
          nicolae_vaults_network_quincunx_subvault,
          nicolae_vaults_network_quincunx_subvault,
          nicolae_vaults_network_quincunx_subvault],
          nicolae_vaults_mini_display_case, vaults_room_grunt_arrival_ludios,
          nicolae_vaults_gold_heap, vaults_mumra_hex, layout_vaults_quadrants,
          uniq_zenata
Vaults:2: ontoclasm_vaults_hangar, vaults_mumra_hexcomb,
          nicolae_vaults_circle_grid_a, nicolae_vaults_sealed_display,
          hangedman_vaults_hat, nicolae_vaults_yaktaur_gun_rack,
          grunt_vaults_swirl, nicolae_vaults_network_barrier,
          vaults_room_semicircle, ontoclasm_vaults_gateway,
          vaults_room_stairs_pillars, vaults_room_pool, layout_vaults_ring
Vaults:3: vaults_room_octagon, v_misc_1, minmay_crypt_entry_necro_gods,
          grunt_tower_of_power, vaults_room_door_hall, hangedman_vaults_unwind,
          v_pattern_4, serial_ice_h, vaults_dpeg_encased_lava,
          layout_vaults_big_room, nicolae_trove_entry_crossroad
Vaults:4: portal_desolation_entry_salt, not_door_vault_due, v_misc_32, v_misc_5,
          vaults_standard_mumra_x, hangedman_vaults_pinch,
          grunt_vaults_trifunnel, vaults_mumra_chevron_long,
          vaults_standard_mumra_lines, ontoclasm_vaults_shuriken, v_misc_13,
          layout_vaults_big_cross, serial_shops, shop_fountains
Vaults:5: uniq_margery
Depths:1: layout_cave_shapes, nicolae_titane, abyss_entry_crystal,
          serial_column_ruins, column_ruins_portal_squares,
          column_ruins_courtyard_long, column_ruins_temple_circle,
          column_ruins_open_tiny_water, column_ruins_open_small,
          column_ruins_corridor_T, grunt_mini_vestibule,
          hangedman_decor_peaks_small, hangedman_decor_clover_reticule,
          minivault_16, nicolae_gozag_seed_capital
Depths:2: minmay_box_of_curves, layout_gridlike, hell_entry, abyss_entry,
          rand_demon_pan_entry_1, infiniplex_staircase_river
Depths:3: minmay_the_grid_octo_triangle [minmay_the_grid_octo_checkerflower,
          minmay_the_grid_octo_prize_ultimate_mussel_roller,
          minmay_the_grid_octo_clover], layout_honeycomb, enter_ziggurat_c,
          abyss_entry_glasseish, hell_entry, nicolae_tso_swordbearing_angel,
          infiniplex_staircase_spiral
Depths:4: grunt_zot_entry_tricorne, layout_cave_shapes, pf_coc_iceberg,
          minmay_shop_star, uniq_enchantress, uniq_parghit
Zot:1:    layout_gridlike
Zot:2:    layout_basic, st_stairs_7
Zot:3:    layout_onion, bh_zot_levy_curve
Zot:4:    layout_gridlike
Zot:5:    layout_twisted_circle

Skill      XL: |  1  2  3  4  5  6  7  8  9 10 11 12 13 14 15 16 17 18 19 20 21 22 23 24 25 26 |
---------------+-------------------------------------------------------------------------------+-----
Polearms       | 4 5 6 7 9 10 12 14 | 14.0
Shields        | 1 3 4 6 7 9 11 14 15 17 18 19 20 21 22 23 24 25 26 27 | 27.0
Fighting       | 4 5 6 8 9 11 12 14 15 16 17 18 19 20 21 22 23 25 26 27 | 27.0
Armour         | 3 4 5 6 7 8 10 12 13 15 16 17 18 19 20 21 22 23 25 26 27 | 27.0
Dodging        | 3 4 5 6 7 9 11 12 13 15 16 17 18 19 21 22 23 24 26 | 26.1
Throwing       | 1 5 7 9 10 | 10.0
Axes           | 5 15 | 15.9

Action                   |  1- 3 |  4- 6 |  7- 9 | 10-12 | 13-15 | 16-18 | 19-21 | 22-24 | 25-27 || total
-------------------------+-------+-------+-------+-------+-------+-------+-------+-------+-------++-------
Melee: Spear             |   132 |   105 |   368 |  1165 |   940 |       |       |       |       ||  2710
       Headbutt          |    18 |    22 |    66 |   220 |   458 |   510 |   715 |   416 |   209 ||  2634
       Punch             |     1 |       |       |       |       |       |       |       |       ||     1
       Trident           |       |       |       |       |   881 |  2249 |  2566 |       |       ||  5696
       Broad axe         |       |       |       |       |       |       |    35 |  1299 |   698 ||  2032
       Unarmed           |       |       |       |       |       |       |       |       |    15 ||    15
Throw: Javelin           |       |       |       |       |       |    11 |       |       |       ||    11
       Throwing net      |       |       |       |       |       |     2 |       |       |       ||     2
Invok: Berserk           |       |     2 |     2 |     2 |     4 |     3 |     3 |     2 |     2 ||    20
       Brothers in Arms  |       |       |       |       |     1 |     9 |     2 |     3 |     6 ||    21
       Trog's Hand       |       |       |       |       |     1 |     4 |     4 |     1 |     2 ||    12
Evoke: Wand              |       |       |       |       |       |       |       |       |     1 ||     1
  Use: Scroll            |     5 |       |     5 |     5 |    10 |    11 |     5 |     6 |     7 ||    54
       Potion            |       |       |       |       |       |    12 |     2 |       |     4 ||    18
 Stab: Held in net/web   |       |       |       |       |       |     4 |       |       |       ||     4
       Sleeping          |       |       |       |       |       |       |     1 |       |       ||     1
       Distracted        |       |       |       |       |       |       |       |       |     4 ||     4
Armor: Ring mail         |    30 |    11 |    20 |       |       |       |       |       |       ||    61
       Scale mail        |       |       |    42 |   220 |   249 |       |       |       |       ||   511
       Troll leather arm |       |       |       |       |    86 |   783 |   422 |   393 |   177 ||  1861
Dodge: Dodged            |    42 |    33 |    83 |   399 |   609 |  1376 |   958 |   911 |   575 ||  4986
Block: Kite shield       |       |       |   117 |   544 |   591 |       |       |       |       ||  1252
       Tower shield      |       |       |       |       |   365 |  2375 |  2001 |  1632 |   854 ||  7227

Table legend: (Time is in decaauts)
 A = Elapsed time spent in this place.
 B = Non-inter-level travel time spent in this place.
 C = Inter-level travel time spent in this place.
 D = Time resting spent in this place.
 E = Time spent auto-exploring this place.
 F = Levels seen in this place.
 G = Mean time per level.
                   A        B        C        D        E       F      G
               +--------+--------+--------+--------+--------+-----+--------+
         Total |  56579 |  51498 |   5081 |    299 |  37847 |  49 | 1154.7 |
       Dungeon |  14725 |  13082 |   1643 |     93 |  10334 |  15 |  981.7 |
          Lair |   5532 |   4942 |    590 |     37 |   3701 |   5 | 1106.4 |
         Swamp |   3527 |   3414 |    113 |     39 |   2385 |   4 |  881.8 |
   Spider Nest |   5550 |   5329 |    221 |      1 |   3780 |   4 | 1387.5 |
  Orcish Mines |   1699 |   1456 |    243 |     47 |   1075 |   2 |  849.5 |
   Elven Halls |   3479 |   3289 |    190 |      0 |   2142 |   3 | 1159.7 |
        Vaults |   8932 |   8078 |    854 |     28 |   5689 |   5 | 1786.4 |
        Depths |   4763 |   4272 |    491 |     52 |   3214 |   4 | 1190.8 |
           Zot |   7276 |   6543 |    733 |      0 |   4849 |   5 | 1455.2 |
         Trove |     39 |     39 |      0 |      0 |     23 |   1 |   39.0 |
    Desolation |   1052 |   1052 |      0 |      0 |    653 |   1 | 1052.0 |
               +--------+--------+--------+--------+--------+-----+--------+

Top non-repeatable levels by time:
Spider:4: 2368 daAuts
Vaults:4: 2238 daAuts
Vaults:1: 2120 daAuts
   Zot:5: 1837 daAuts
   Zot:4: 1757 daAuts
Vaults:5: 1738 daAuts
   Elf:2: 1716 daAuts
   Zot:2: 1580 daAuts
Vaults:2: 1469 daAuts
Spider:3: 1459 daAuts
    D:10: 1410 daAuts
Vaults:3: 1366 daAuts
  Lair:5: 1348 daAuts
Depths:2: 1315 daAuts
     D:6: 1289 daAuts
